 Dungeon Crawl Stone Soup version 0.18-a0-1027-g814d7dd (webtiles) character file.

1346 JokEr the Thaumaturge (level 8, -19/41 HPs)
             Began as a Deep Elf Wizard on Jan 7, 2016.
             Was an Initiate of Vehumet.
             Demolished by Oozefury's ghost (20 damage)
             ... on level 7 of the Dungeon on Jan 8, 2016.
             The game lasted 00:25:07 (8259 turns).

JokEr the Thaumaturge (Deep Elf Wizard)             Turns: 8259, Time: 00:25:07

Health: -19/41     AC:  3    Str:  4    XL:     8   Next: 36%
Magic:  0/23       EV: 19    Int: 26    God:    Vehumet [......]
Gold:   326        SH:  0    Dex: 18    Spells: 4 memorised, 16 levels left

rFire  + . .     SeeInvis .     (no weapon)
rCold  x . .     Gourm    .     a - +1 robe
rNeg   . . .     Faith    .     (no shield)
rPois  .         Spirit   +     b - +0 hat
rElec  .         Dismiss  .     (no cloak)
rCorr  +         Reflect  .     (no gloves)
SustAt .         Harm     .     (no boots)
MR     .....                    q - amulet of guardian spirit
Stlth  +++.......               h - ring of fire
                                p - ring of resist corrosion

@: agile, not resistant to hostile enchantments, fairly stealthy
A: no striking features
a: Renounce Religion


You were on level 7 of the Dungeon.
You worshipped Vehumet.
Vehumet was noncommittal.
You were hungry.

You visited 2 branches of the dungeon, and saw 8 of its levels.

You collected 326 gold pieces.

Inventory:

Armour
 a - a +1 robe (worn)
 b - a +0 hat (worn)
Jewellery
 h - a ring of fire (right hand)
 p - a ring of resist corrosion (left hand)
 q - an amulet of guardian spirit (around neck)
 r - an uncursed amulet of harm {unknown}
 y - an uncursed amulet of regeneration {unknown}
Wands
 n - a wand of lightning (15/15)
 o - a wand of slowing (23/48)
 A - a wand of lightning (8/15)
 B - a wand of digging (12/24)
Scrolls
 e - 3 scrolls of remove curse
 m - 2 scrolls of enchant armour
 t - a scroll of recharging
 u - 2 scrolls of enchant weapon
 w - 2 scrolls of identify
 C - a scroll of amnesia {unknown}
Potions
 f - a potion of agility
 g - a potion of brilliance {unknown}
 i - a potion of magic {unknown}
 j - 4 potions of heal wounds {unknown}
 k - a potion of cancellation {unknown}
 l - 3 potions of curing {unknown}
 v - 2 potions of lignification {unknown}
 z - a potion of ambrosia {unknown}
Books
 c - a book of Minor Magic

   Spells                             Type                      Level
   a - Magic Dart                     Conjuration                  1
   b - Blink                          Translocation                2
   c - Call Imp                       Summoning                    2
   d - Repel Missiles                 Charms/Air                   2
   e - Slow                           Hexes                        2
   f - Conjure Flame                  Conjuration/Fire             3
   g - Mephitic Cloud                 Conjuration/Poison/Air       3
 d - a book of Death

   Spells                             Type                      Level
   a - Corpse Rot                     Necromancy                   2
   b - Sublimation of Blood           Necromancy                   2
   c - Agony                          Necromancy                   5
   d - Dispel Undead                  Necromancy                   5
   e - Excruciating Wounds            Charms/Necromancy            5
   f - Bolt of Draining               Conjuration/Necromancy       5
Comestibles
 x - a bread ration


   Skills:
 + Level 3.7 Dodging
 - Level 2.4 Stealth
 + Level 9.3 Spellcasting
 + Level 6.3 Conjurations
   Level 1.1 Summonings
 - Level 1.1 Translocations
 - Level 3.8 Fire Magic
 - Level 3.4 Poison Magic


You had 16 spell levels left.
You knew the following spells:

 Your Spells              Type           Power        Failure   Level  Hunger
a - Magic Dart            Conj           ####         1%          1    None
b - Mephitic Cloud        Conj/Pois/Air  ####....     4%          3    None
c - Conjure Flame         Conj/Fire      ######..     1%          3    None
d - Blink                 Tloc           N/A          6%          2    None


Dungeon Overview and Level Annotations

Branches:
Dungeon (7/15)             Temple (1/1) D:7

Altars:
Ashenzari
Cheibriados
Dithmenos
Elyvilon
Fedhas
Gozag
Kikubaaqudgha
Makhleb
Nemelex Xobeh
Okawaru
Pakellas
Qazlal
Ru
Sif Muna
Trog
Vehumet
Xom
Yredelemnul
Zin
The Shining One

Annotations:
D:3 Pikel
D:7 Oozefury's ghost, novice FeMo


Message History

Aiming: Magic Dart
Press: ? - help, Shift-Dir - straight line, f/p - Oozefury's ghost
Aim: Oozefury's ghost (severely damaged)
The magic dart hits Oozefury's ghost.
Oozefury's ghost is severely damaged.
Oozefury's ghost hits you.
Oozefury's ghost hits you but does no damage.
Oozefury's ghost hits you!
* * * LOW HITPOINT WARNING * * *
Drink which item? (? for menu, Esc to quit)
Okay, then.
Unknown command.
Okay, then.
Read which item? (? for menu, Esc to quit)
Okay, then.
Drink which item? (? for menu, Esc to quit)
It was a potion of agility.
You feel agile all of a sudden. Oozefury's ghost hits you!!
You die...

####.# #...
..##.# ##..<
#.##.# ...?
#.##.# ...
#######.##.#
..
...........#
#.
######.####
#.########.#
#ยง....OW@..#
############


You could see an ogre and Oozefury's ghost.

Vanquished Creatures
  The ghost of BenSoosneb the Covert, a novice SpEn of Dithmenos (D:5)
  3 slaves
  An ogre (D:5)
  2 centaurs
  4 crimson imps (D:5)
  4 hounds
  4 jellies
  2 giant frog skeletons (D:4)
  An iguana (D:6)
  4 worker ants
  Natasha (thrice) (D:2)
  A hound zombie (D:6)
  5 gnolls
  7 adders
  A shadow imp (D:7)
  An ooze (D:2)
  An adder zombie (D:5)
  2 adder skeletons
  4 worms
  4 giant geckos
  3 orcs
  8 bats
  3 giant cockroaches
  12 goblins
  7 hobgoblins
  6 jackals
  11 kobolds
  2 quokkas
  2 ball pythons (D:3)
  4 giant newts
  A quokka skeleton (D:4)
  7 rats
121 creatures vanquished.

Notes
Turn   | Place    | Note
--------------------------------------------------------------
     0 | D:1      | JokEr the Deep Elf Wizard began the quest for the Orb.
     0 | D:1      | Reached XP level 1. HP: 10/10 MP: 7/7
   225 | D:1      | Reached XP level 2. HP: 15/15 MP: 7/9
   333 | D:1      | Reached skill level 5 in Spellcasting
  1041 | D:2      | Reached XP level 3. HP: 19/19 MP: 9/11
  1288 | D:2      | Noticed Natasha
  1297 | D:2      | Killed Natasha
  1297 | D:2      | Reached XP level 4. HP: 24/24 MP: 4/13
  1537 | D:2      | Reached skill level 6 in Spellcasting
  1662 | D:2      | Found a sparkling altar of Nemelex Xobeh.
  1662 | D:2      | Found an iron altar of Okawaru.
  1725 | D:2      | Found a burning altar of Makhleb.
  1787 | D:2      | Noticed Natasha
  1804 | D:2      | Killed Natasha
  1804 | D:2      | Reached XP level 5. HP: 5/28 MP: 4/15
  2050 | D:2      | Noticed Natasha
  2052 | D:2      | Killed Natasha
  3107 | D:4      | Noticed Pikel
  3107 | D:4      | Noticed a slave
  3107 | D:4      | Noticed a slave
  3139 | D:4      | Reached skill level 7 in Spellcasting
  3273 | D:3      | Learned a level 3 spell: Mephitic Cloud
  3277 | D:3      | Learned a level 3 spell: Conjure Flame
  3280 | D:3      | Learned a level 2 spell: Blink
  3301 | D:3      | Killed a slave
  3595 | D:4      | Noticed a slave
  3603 | D:4      | Noticed a slave
  3998 | D:4      | Reached XP level 6. HP: 32/32 MP: 2/18
  4274 | D:4      | Reached skill level 1 in Poison Magic
  4646 | D:4      | Found a bloodstained altar of Trog.
  4694 | D:4      | Killed a slave
  4813 | D:5      | Entered Level 5 of the Dungeon
  4819 | D:5      | Reached skill level 1 in Fire Magic
  4917 | D:5      | Reached skill level 5 in Conjurations
  4984 | D:5      | Reached skill level 8 in Spellcasting
  4984 | D:5      | Reached XP level 7. HP: 15/36 MP: 3/20
  5158 | D:5      | Upgraded the game from 0.18-a0-1024-gf1736fb to 0.18-a0-1027-g814d7dd
  5366 | D:5      | Noticed BenSoosneb's ghost (novice SpEn)
  5820 | D:5      | Killed BenSoosneb's ghost
  6113 | D:5      | Found a shadowy altar of Dithmenos.
  6114 | D:5      | Found a sacrificial altar of Ru.
  6115 | D:5      | Found a white marble altar of Elyvilon.
  6115 | D:5      | Found a basalt altar of Yredelemnul.
  6115 | D:5      | Found an ancient bone altar of Kikubaaqudgha.
  6250 | D:5      | Reached XP level 8. HP: 37/41 MP: 12/22
  6886 | D:6      | Reached skill level 9 in Spellcasting
  7467 | D:7      | Noticed Oozefury's ghost (novice FeMo)
  7832 | D:7      | Found a staircase to the Ecumenical Temple.
  7841 | Temple   | Entered the Ecumenical Temple
  7896 | Temple   | Became a worshipper of Vehumet
  8258 | D:7      | HP: 1/41 [Oozefury's ghost (14)]
  8259 | D:7      | Demolished by Oozefury's ghost

Vault maps used:
D:1:      sevenhm_arrival_forest_fort_large_2
D:2:      lemuel_upstairs_altar, gammafunk_temple_overflow_elements,
          makhleb_heckhound_becter, uniq_natasha
D:3:      first_bread
D:4:      minivault_27, trog_hazing_becter, uniq_pikel
D:5:      grunt_temple_overflow_open, grunt_decor_fettered
D:6:      grunt_ministairs_9
D:7:      minmay_temple_entry_poolview
Temple:   zaba_magenta_temple_12

Action                   |  1- 3 |  4- 6 |  7- 9 || total
-------------------------+-------+-------+-------++-------
Melee: Unarmed           |     2 |    16 |       ||    18
 Cast: Magic Dart        |    68 |   226 |   194 ||   488
       Conjure Flame     |       |     3 |     7 ||    10
       Blink             |       |     2 |       ||     2
  Use: Scroll            |     3 |     6 |       ||     9
       Potion            |       |       |     1 ||     1
  Eat: Chunk             |     1 |     2 |     6 ||     9
       Bread ration      |       |     2 |       ||     2
       Fruit             |       |       |     4 ||     4
